 Dungeon Crawl Stone Soup version 0.29.1-12-g30fa7ad0bf (webtiles) character file.

Game seed: 18048828791120788316

5073 Radix the Geomancer (level 10, 0/50 HPs)
             Began as a Gargoyle Earth Elementalist on Jan 12, 2023.
             Was a Believer of Vehumet.
             Hit by a large rock thrown by a cyclops (10 damage)
             ... on level 9 of the Dungeon.
             The game lasted 00:40:43 (8052 turns).

Radix the Geomancer (Gargoyle Earth Elementalist)   Turns: 8052, Time: 00:40:49

Health: 0/50       AC: 14    Str: 12    XL:     10   Next: 56%
Magic:  16/31      EV: 11    Int: 20    God:    Vehumet [**....]
Gold:   510        SH:  0    Dex: 10    Spells: 22/26 levels left

rFire   . . .      SeeInvis .   G - +3 dagger (freeze)
rCold   . . .      Faith    .   (no shield)
rNeg    + . .      Spirit   .   a - +0 robe
rPois   ∞          Reflect  .   (no helmet)
rElec   +          Harm     .   C - +0 cloak {Will+}
rCorr   .          Rampage  .   (no gloves)
Will    +....                   (no boots)
Stlth   ++........              k - amulet of regeneration
HPRegen 0.96/turn               f - +4 ring of protection
MPRegen 0.22/turn               q - ring of magical power

@: no status effects
A: sickness immunity, AC +7, negative energy resistance 1, electricity
resistance, torment resistance 1, petrification resistance
a: Renounce Religion


You were on level 9 of the Dungeon.
You worshipped Vehumet.
Vehumet was pleased with you.
You visited 2 branches of the dungeon, and saw 10 of its levels.
You also visited: Sewer.

You collected 510 gold pieces.

Inventory:

Hand Weapons
 g - a +0 dagger of venom
 v - a +2 whip of distortion
 F - a +0 rapier
 G - a +3 dagger of freezing (weapon)
Armour
 a - a +0 robe (worn)
 p - a scarf of invisibility
 w - a +0 cloak
 C - a +0 cloak of willpower (worn)
 H - a +0 cloak
Magical Staves
 l - a staff of air
Jewellery
 f - a +4 ring of protection (left hand)
 j - an amulet of faith
 k - an amulet of regeneration (around neck)
 m - a ring of ice
 q - a ring of magical power (right hand)
 s - an amulet of reflection
 t - an amulet of the acrobat
 y - a ring of willpower
Wands
 o - a wand of flame (8)
 x - a wand of quicksilver (8)
 z - a wand of roots (1)
 B - a wand of digging (3)
 J - a wand of charming (6)
Scrolls
 h - 3 scrolls of amnesia
 r - 4 scrolls of teleportation
 D - 2 scrolls of enchant weapon
 I - a scroll of butterflies
 K - a scroll of poison
Potions
 b - a potion of magic
 c - 7 potions of curing
 d - a potion of ambrosia
 i - a potion of brilliance
 n - a potion of heal wounds
 u - a potion of flight
 A - a potion of haste {unknown}
 E - a potion of cancellation
Miscellaneous
 e - a condenser vane


   Skills:
 - Level 1.5 Dodging
 - Level 2.1 Stealth
 + Level 8.8 Spellcasting
 + Level 8.6 Conjurations
 - Level 0.7 Transmutations
 + Level 11.6 Earth Magic


You had 22 spell levels left.
You knew the following spells:

 Your Spells              Type           Power      Damage    Failure   Level
a - Sandblast             Erth           100%       2d20      1%          1
b - Stone Arrow           Conj/Erth      98%        3d13      1%          3

Your spell library contained the following spells:

 Spells                   Type           Power      Damage    Failure   Level
 Foxfire                  Conj/Fire      100%       2x1d9     1%          1
 Passwall                 Tmut/Erth      27%        N/A       1%          2
 Petrify                  Tmut/Erth      33%        N/A       6%          4
 Blink                    Tloc           16%        N/A       12%         2
 Inner Flame              Hex/Fire       8%         N/A       24%         3
 Lesser Beckoning         Tloc           8%         N/A       24%         3
 Cause Fear               Hex            4%         N/A       61%         4
 Manifold Assault         Tloc           8%         N/A       91%         5
 Discord                  Hex            4%         N/A       100%        8


Dungeon Overview and Level Annotations

Branches:
Dungeon (9/15)             Temple (1/1) D:4            Lair (0/5) D:8
  Sewer (visited)
    Orc: D:9-12

Altars:
Ashenzari
Dithmenos
Hepliaklqana
Nemelex Xobeh
Qazlal
Ru
Vehumet
Xom
Lugonu

Shops:
D:1 [   D:6 =

Portals:
Abyss: D:3

Annotations:
D:6 2 transporters, FexLirch's ghost, novice OpDe


Innate Abilities, Weirdness & Mutations

You are immune to sickness and miasma.
Your stone body is resilient. (AC +7)
You are immune to poison.
You resist negative energy. (rN+)
You are resistant to electric shocks. (rElec)
You are resistant to unholy torment.
You are immune to petrification.


Message History

Casting: Sandblast (safe; 1% risk of failure)
Confirm with . or Enter, or press ? or * to list all spells.
Aiming: Stone Arrow (safe; 1% risk of failure)
Press: ? - help, Shift-Dir - straight line, f - cyclops, p - bullfrog
Aim: a cyclops, quivering large rocks (98% to hit)
The stone arrow hits the cyclops!!
The cyclops is moderately wounded.
The bullfrog hits you but does no damage.
The cyclops throws a large rock.
The large rock closely misses you. The bullfrog hits you.
Casting: Stone Arrow (safe; 1% risk of failure)
Confirm with . or Enter, or press ? or * to list all spells.
Aiming: Stone Arrow (safe; 1% risk of failure)
Press: ? - help, Shift-Dir - straight line, f/p - cyclops
Aim: a cyclops, quivering large rocks (moderately wounded, 98% to hit)
The stone arrow hits the cyclops!
The cyclops is severely wounded.
The bullfrog hits you.
* * * LOW HITPOINT WARNING * * *
Casting: Stone Arrow (safe; 1% risk of failure)
Confirm with . or Enter, or press ? or * to list all spells.
Aiming: Stone Arrow (safe; 1% risk of failure)
Press: ? - help, Shift-Dir - straight line, f/p - cyclops
Aim: a cyclops, quivering large rocks (severely wounded, 98% to hit)
The stone arrow hits the cyclops!
The cyclops is almost dead.
The bullfrog hits you.
* * * LOW HITPOINT WARNING * * *
The bullfrog hits you.
* * * LOW HITPOINT WARNING * * *
Casting: Stone Arrow (safe; 1% risk of failure)
Confirm with . or Enter, or press ? or * to list all spells.
Aiming: Stone Arrow (safe; 1% risk of failure)
Press: ? - help, Shift-Dir - straight line, f/p - cyclops
Aim: a cyclops, quivering large rocks (almost dead, 98% to hit)
The stone arrow hits the cyclops.
The cyclops is almost dead.
The bullfrog hits you but does no damage.
The cyclops throws a large rock.
The large rock hits you!
You die...

#........## #..#....
##......<.#####.........
##....#..#.............
##................!...
#....................
#.....................
#......................
#..............F...C....
...............[@.......
.......................
..................>...
.....................
....................
...................
..................
........#........


You could see a cyclops and a bullfrog.

Vanquished Creatures
  Maurice (D:8)
  Joseph (D:8)
  6 yaks (D:8)
  A wyvern (D:8)
  2 wargs (D:8)
  2 water moccasins (D:7)
  4 orc warriors
  2 sky beasts (D:7)
  2 ice beasts
  2 ogres
  A phantom (D:5)
  A necrophage (D:5)
  3 bullfrogs
  A gnoll sergeant (D:8)
  4 scorpions
  8 wights (D:7)
  3 killer bees
  A howler monkey (D:7)
  A hound (D:4)
  4 jellies
  4 orc priests
  Crazy Yiuf (D:5)
  3 iguanas
  5 orc wizards
  11 adders
  9 gnolls
  A white imp (D:8)
  2 ufetubi
  3 worms (D:3)
  2 dart slugs
  23 orcs
  3 endoplasms
  9 giant cockroaches
  12 goblins
  9 hobgoblins
  7 jackals (D:3)
  10 quokkas
  6 ball pythons
  2 bats
  14 frilled lizards
  10 kobolds
  4 rats
200 creatures vanquished.

Vanquished Creatures (others)
  3 fungi (D:5)
  3 plants
6 creatures vanquished.

Grand Total: 206 creatures vanquished

Notes
Turn   | Place    | Note
-------+----------+-------------------------------------------
     0 | D:1      | Radix the Gargoyle Earth Elementalist began the quest for
                  | the Orb.
     0 | D:1      | Reached XP level 1. HP: 10/10 MP: 3/3
   243 | D:1      | Reached skill level 4 in Earth Magic
   243 | D:1      | Reached XP level 2. HP: 15/15 MP: 3/5
   413 | D:1      | Found Etofass's Antique Armour Emporium.
   989 | D:2      | Reached XP level 3. HP: 18/19 MP: 0/6
  1183 | D:2      | Reached XP level 4. HP: 19/24 MP: 0/8
  1461 | D:2      | Reached skill level 5 in Earth Magic
  2078 | D:3      | Found a glowing drain.
  2095 | Sewer    | Entered a sewer
  2164 | Sewer    | Reached XP level 5. HP: 28/28 MP: 6/10
  2512 | Sewer    | Reached skill level 6 in Earth Magic
  2516 | Sewer    | Reached XP level 6. HP: 19/32 MP: 4/12
  2910 | D:3      | Found a sacrificial altar of Ru.
  3247 | D:3      | Found a faded altar of an unknown god.
  3391 | D:3      | Found a large runed translucent door.
  3392 | D:3      | Found a large runed translucent door.
  3397 | D:3      | Found a corrupted altar of Lugonu.
  3411 | D:3      | Found a one-way gate to the infinite horrors of the Abyss.
  3613 | D:3      | Found a broken altar of Ashenzari.
  3795 | D:4      | Found a shimmering altar of Xom.
  4069 | D:4      | Found a staircase to the Ecumenical Temple.
  4078 | D:4      | Reached XP level 7. HP: 36/36 MP: 14/14
  4083 | Temple   | Entered the Ecumenical Temple
  4098 | Temple   | Became a worshipper of Vehumet
  4175 | D:5      | Entered Level 5 of the Dungeon
  4180 | D:5      | Reached skill level 1 in Conjurations
  4180 | D:5      | Reached skill level 7 in Earth Magic
  4184 | D:5      | Learned a level 3 spell: Stone Arrow
  4368 | D:5      | Reached skill level 5 in Spellcasting
  4733 | D:5      | Reached XP level 8. HP: 41/41 MP: 16/16
  5341 | D:5      | Found a runed translucent door.
  5342 | D:5      | Noticed Crazy Yiuf
  5347 | D:5      | Killed Crazy Yiuf
  5348 | D:5      | Reached skill level 8 in Earth Magic
  5408 | D:6      | Found Zulueff's Jewellery Shop.
  5533 | D:6      | Found a transporter.
  5542 | D:6      | Noticed FexLirch's ghost (novice OpDe)
  5544 | D:6      | Noticed an eight-headed hydra
  5545 | D:6      | Noticed a red ugly thing
  5565 | D:6      | Found a transporter.
  5967 | D:6      | Reached skill level 5 in Conjurations
  6013 | D:7      | Reached skill level 9 in Earth Magic
  6015 | D:7      | Reached XP level 9. HP: 45/45 MP: 17/19
  6225 | D:7      | Reached * piety under Vehumet
  6225 | D:7      | Offered knowledge of Shock by Vehumet.
  6448 | D:7      | Reached skill level 10 in Earth Magic
  6538 | D:7      | Found a sparkling altar of Nemelex Xobeh.
  6709 | D:8      | Reached XP level 10. HP: 41/50 MP: 7/22
  6880 | D:8      | Found a stormy altar of Qazlal.
  6994 | D:8      | Reached skill level 11 in Earth Magic
  7050 | D:8      | Noticed Joseph
  7055 | D:8      | Killed Joseph
  7087 | D:8      | Found a hazy altar of Hepliaklqana.
  7088 | D:8      | Found a shadowy altar of Dithmenos.
  7275 | D:8      | Found a staircase to the Lair.
  7411 | D:8      | Noticed Maurice
  7611 | D:8      | Offered knowledge of Foxfire by Vehumet.
  7654 | D:8      | Reached ** piety under Vehumet
  7712 | D:8      | Killed Maurice
  8044 | D:9      | Noticed a cyclops
  8052 | D:9      | Hit by a large rock thrown by a cyclops

Illustrated notes

Levels and vault maps discovered:
D:1:      erik_arrival_orb_chamber, layout_basic, serial_shops,
          nicolae_shop_hallway_stairs, serial_glass, glass_columns_a,
          glass_columns_b, glass_columns_a, glass_columns_a, glass_columns_a,
          glass_columns_c, glass_columns_c, glass_columns_a, glass_columns_a,
          glass_columns_c, kennysheep_crisscross
D:2:      layout_basic, minmay_misc_feat_nine_boxes
D:3:      due_chaos_kobolds, layout_loops_ring, marbit_many_paths,
          nicolae_ru_great_annihilating_truth, shapermc_ecumenical_altar_venn,
          cheibrodos_sewer_entry_sluice, guppyfry_early_lair_pool
D:4:      layout_rooms, mainiacjoe_overflow_catwalk,
          minmay_temple_entry_glassed_door
D:5:      layout_loops_corners, serial_aquarium, aquarium_bridge_straight
          [aquarium_subvault_bridge, aquarium_subvault_wall,
          aquarium_subvault_bridge, aquarium_subvault_wall], aquarium_window_2,
          aquarium_window_1, aquarium_view_2b, aquarium_view_2a,
          hangedman_decor_growths, uniq_crazy_yiuf_cottage
D:6:      layout_cave_pools, serial_shops, shop_statue, gammafunk_ghost_arena
D:7:      layout_rooms, kennysheep_little_box
D:8:      layout_loops_corners, riverfiend_overflow_shadow_ancestor,
          mainiacjoe_overflow_surrounded_room, erik_lair_orcish_takeover,
          grunt_decor_resistance, uniq_joseph, uniq_maurice
D:9:      layout_layer_cave, minitemple, orc_0_dummy, uniq_gastronok
Temple:   hellmonk_temple_forest_ring

Skill      XL: |  1  2  3  4  5  6  7  8  9 10 |
---------------+-------------------------------+-----
Earth Magic    | 4 5 6 7 9 10 11 | 11.6
Spellcasting   | 3 4 5 6 8 |  8.8
Conjurations   | 3 5 7 8 |  8.6
Dodging        | |  1.5
Stealth        | |  2.1
Transmutations | |  0.7

Action                   |  1- 3 |  4- 6 |  7- 9 | 10-12 || total
-------------------------+-------+-------+-------+-------++-------
Melee: Dagger            |     8 |     5 |    11 |     2 ||    26
       Whip              |       |     1 |     2 |       ||     3
 Cast: Sandblast         |    37 |   134 |   117 |    38 ||   326
       Stone Arrow       |       |       |    18 |    16 ||    34
  Use: Scroll            |       |     5 |     8 |     6 ||    19
       Potion            |       |       |       |     2 ||     2
Armor: Robe              |     8 |    32 |    40 |    22 ||   102
Dodge: Dodged            |    15 |    52 |    51 |    22 ||   140
